 Dungeon Crawl Stone Soup version 0.14-a0-2950-gbe29d66 (webtiles) character file.

3522 Kae the Conjurer (level 9, -9/45 HPs)
             Began as a Tengu Fire Elementalist on Mar 3, 2014.
             Was a Priest of Sif Muna.
             Mangled by a troll (11 damage)
             ... on Level 9 of the Dungeon on Mar 4, 2014.
             The game lasted 00:26:47 (14525 turns).

Kae the Conjurer (Tengu Fire Elementalist)         Turns: 14525, Time: 00:26:48

HP  -9/45        AC  4     Str  9      XL: 9   Next: 83%
MP  10/24        EV 13     Int 18      God: Sif Muna [***...]
Gold 540         SH  0     Dex 18      Spells:  7 memorised,  2 levels left

rFire  . . .     SeeInvis .     F - staff of conjuration
rCold  . . .     Clarity  .     a - +1 robe
rNeg   . . .     Conserve .     (no shield)
rPois  .         rCorr    .     (helmet restricted)
rElec  .         rRot     .     I - +0 cloak
SustAb . .       Spirit   .     (no gloves)
rMut   .         Warding  .     (boots unavailable)
Saprov . . .     Stasis   .     p - amulet of faith
MR     .....                    q - cursed +3,+5 ring of slaying
                                r - +3 ring of dexterity

@: very slightly contaminated, not resistant to hostile enchantments, fairly
stealthy
A: able to fly, beak, talons 3
a: Fly, Channel Energy, Forget Spell, Renounce Religion


You were on level 9 of the Dungeon.
You worshipped Sif Muna.
Sif Muna was most pleased with you.
You were very hungry.

You visited 2 branches of the dungeon, and saw 10 of its levels.

You collected 540 gold pieces.

Inventory:

Missiles
 g - 18 exploding darts (quivered)
 A - 4 darts of flame
 B - 10 poisoned darts
Armour
 a - a +1 robe (worn)
 I - a +0 cloak (worn)
Magical devices
 i - a wand of fireball (4)
 u - a wand of cold (5)
 x - a wand of invisibility (3)
 C - a wand of cold (7)
Comestibles
 c - 7 bread rations
 h - 2 apricots
 j - 2 meat rations
 t - a lemon
 E - 17 cheeses
Scrolls
 d - 5 scrolls of remove curse
 f - a scroll of recharging
 n - 6 scrolls of identify
 v - a scroll of vulnerability
 G - a scroll of fear
 M - 2 scrolls of amnesia
Jewellery
 p - an amulet of faith (around neck)
 q - a cursed +3,+5 ring of slaying (right hand)
 r - a +3 ring of dexterity (left hand)
 y - an uncursed ring of see invisible {unknown}
Potions
 e - 2 potions of cure mutation
 k - a potion of magic
 m - 2 potions of restore abilities
 o - 2 potions of lignification
 w - 2 potions of brilliance
 J - 2 potions of speed
 K - 2 potions of heal wounds
Books
 b - a book of Flames

   Spells                             Type                      Level
   *Flame Tongue                      Conjuration/Fire             1
   *Throw Flame                       Conjuration/Fire             2
   *Conjure Flame                     Conjuration/Fire             3
   Inner Flame                        Hexes/Fire                   3
   *Sticky Flame                      Conjuration/Fire             4
   *Fireball                          Conjuration/Fire             5
 l - a book of Ice

   Spells                             Type                      Level
   Freezing Aura                      Charms/Ice                   2
   Ensorcelled Hibernation            Hexes/Ice                    2
   Ozocubu's Refrigeration            Ice                          6
   Bolt of Cold                       Conjuration/Ice              6
   Freezing Cloud                     Conjuration/Ice/Air          6
   Metabolic Englaciation             Hexes/Ice                    5
   Simulacrum                         Ice/Necromancy               6
 D - Figetwoch's Incunabulum of Feathery Combat Magic
   (You found it on level 7 of the Dungeon)

   Spells                             Type                      Level
   Sting                              Conjuration/Poison           1
   Static Discharge                   Conjuration/Air              3
   Conjure Ball Lightning             Conjuration/Air              6
   Freezing Cloud                     Conjuration/Ice/Air          6
 H - a book of Minor Magic

   Spells                             Type                      Level
   *Magic Dart                        Conjuration                  1
   *Blink                             Translocation                2
   Call Imp                           Summoning                    2
   Repel Missiles                     Charms/Air                   2
   Slow                               Hexes                        2
   *Conjure Flame                     Conjuration/Fire             3
   Mephitic Cloud                     Conjuration/Poison/Air       3
Magical staves
 z - an uncursed staff of death
 F - an uncursed staff of conjuration (weapon)


   Skills:
 - Level 2.1 Dodging
 - Level 2.0 Stealth
 + Level 6.0 Spellcasting
 * Level 10.6 Conjurations
 * Level 9.8 Fire Magic


You had 2 spell levels left.
You knew the following spells:

 Your Spells              Type           Power        Failure   Level  Hunger
a - Flame Tongue          Conj/Fire      #####        1%          1    None
b - Throw Flame           Conj/Fire      ######       1%          2    None
c - Conjure Flame         Conj/Fire      ######..     1%          3    ##.....
d - Sticky Flame          Conj/Fire      ######..     1%          4    ####...
e - Fireball              Conj/Fire      ######....   6%          5    #####..
f - Blink                 Tloc           N/A          17%         2    None
g - Magic Dart            Conj           ####         1%          1    None


Dungeon Overview and Level Annotations

Branches:
Dungeon (9/16)             Temple (1/1) D:6
    Orc: D:9-12        Lair: D:8-11

Altars:
Ashenzari
Cheibriados
Dithmenos
Elyvilon
Fedhas
Kikubaaqudgha
Makhleb
Nemelex Xobeh
Okawaru
Sif Muna
Trog
Vehumet
Xom
Yredelemnul
Zin
The Shining One

Annotations:
D:5 exclusion: crimson imp
D:9 exclusion: orange crystal statue


Innate Abilities, Weirdness & Mutations

You can fly.
You have a beak for a mouth.
You have claws for feet.


Message History

Aim: a troll (lightly wounded)
You feel a surge of power!
The sticky flame hits the troll.
The troll is lightly wounded.
The troll is covered in liquid flames!
The troll burns!
The troll bites you!
* * * LOW HITPOINT WARNING * * *
The troll claws you!
* * * LOW HITPOINT WARNING * * *
The troll barely misses you.
Read which item? (? for menu, Esc to quit)
Okay, then.
Use which ability? (? or * to list)
Okay, then.
Unknown command.
Casting: Sticky Flame
Confirm with . or Enter, or press ? or * to list all spells.
You miscast Blink.
You are very lightly contaminated with residual magic.
Strange energies run through your body.
The troll burns!
The troll barely misses you. The troll closely misses you. The troll claws you!
You die...

##################.#......
##### ######.#..... ......
.........#.... ....(.
.............. ......
............. .......
...........### ....[..
...........## .......
.............# .......
........@T...# .......
.............#
...............(.....##.###
..........(................
......................#8#8#
.....................#8...
.....................8..$.
.......................!8.
.................k...8...


You could see a troll (burning) and a killer bee (wandering).

Vanquished Creatures
  A hippogriff (D:8)
  An ice beast (D:8)
  2 sky beasts
  2 ogres (D:7)
  2 orc warriors
  2 phantoms
  2 centaurs
  Duvessa (D:7)
  2 giant frogs
  A big kobold (D:5)
  A wyvern skeleton (D:8)
  An eye of draining (D:8)
  A crimson imp (D:7)
  Dowan (D:7)
  A giant frog zombie (D:8)
  3 jellies
  6 hounds
  5 orc priests
  2 iguanas (D:5)
  8 worker ants
  Natasha (thrice) (D:5)
  3 orc wizards
  An orange rat (D:7)
  A scorpion (D:7)
  A sky beast zombie (D:8)
  A hound skeleton (D:7)
  4 green rats (D:7)
  11 gnolls (D:5)
  2 orc skeletons
  7 adders
  3 giant mites
  4 worms
  An iguana skeleton (D:6)
  3 giant eyeballs
  5 giant geckos
  31 orcs
  2 giant cockroaches
  31 hobgoblins
  8 jackals
  17 kobolds
  A quokka (D:4)
  11 bats
  4 giant newts
  43 goblins
  A hobgoblin skeleton (D:4)
  A kobold skeleton (D:6)
  4 orc zombies
  16 rats
  A ballistomycete (D:7)
266 creatures vanquished.

Vanquished Creatures (others)
  A wizard (D:7)
  A giant spore (D:7)
2 creatures vanquished.

Grand Total: 268 creatures vanquished

Notes
Turn   | Place    | Note
--------------------------------------------------------------
     0 | D:1      | Kae, the Tengu Fire Elementalist, began the quest for the Orb.
     0 | D:1      | Reached XP level 1. HP: 10/10 MP: 3/3
   918 | D:1      | Reached XP level 2. HP: 15/15 MP: 5/5
  1596 | D:2      | Reached XP level 3. HP: 15/19 MP: 2/7
  1737 | D:2      | Found a burning altar of Makhleb.
  1743 | D:2      | Reached skill level 4 in Fire Magic
  1991 | D:2      | Reached XP level 4. HP: 24/24 MP: 7/9
  3105 | D:3      | Found a shimmering altar of Xom.
  3730 | D:3      | Learned a level 2 spell: Throw Flame
  3734 | D:3      | Learned a level 3 spell: Conjure Flame
  3933 | D:3      | Reached XP level 5. HP: 28/28 MP: 1/12
  5291 | D:4      | Gained mutation: You are weak. (Str -2) [potion of mutation]
  5291 | D:4      | Gained mutation: You are clumsy. (Dex -2) [potion of mutation]
  5291 | D:4      | Gained mutation: Armour fits poorly on your strangely shaped body. [potion of mutation]
  5292 | D:4      | Lost mutation: You are weak. (Str -2) [potion of cure mutation]
  5292 | D:4      | Lost mutation: You are clumsy. (Dex -2) [potion of cure mutation]
  5292 | D:4      | Lost mutation: Armour fits poorly on your strangely shaped body. [potion of cure mutation]
  5462 | D:4      | Reached skill level 5 in Fire Magic
  5583 | D:4      | Reached XP level 6. HP: 16/32 MP: 4/15
  5819 | D:4      | Reached skill level 5 in Conjurations
  5920 | D:4      | Noticed a phantom
  5943 | D:4      | Killed a phantom
  6427 | D:5      | Entered Level 5 of the Dungeon
  6467 | D:5      | Reached XP level 7. HP: 36/36 MP: 10/17
  6659 | D:5      | Learned a level 4 spell: Sticky Flame
  6667 | D:5      | Reached skill level 6 in Conjurations
  6852 | D:5      | Found a sparkling altar of Nemelex Xobeh.
  6883 | D:5      | Noticed Natasha
  6887 | D:5      | Killed Natasha
  7017 | D:5      | Noticed Natasha
  7018 | D:5      | Killed Natasha
  7390 | D:5      | Paralysed by a giant eyeball for 2 turns
  7455 | D:5      | Noticed Natasha
  7456 | D:5      | Killed Natasha
  9171 | D:5      | Reached skill level 7 in Conjurations
  9404 | D:5      | Reached XP level 8. HP: 41/41 MP: 17/20
  9789 | D:6      | Found a white marble altar of Elyvilon.
  9957 | D:6      | Found a staircase to the Ecumenical Temple.
  9968 | Temple   | Entered the Ecumenical Temple
  9977 | Temple   | Became a worshipper of Sif Muna the Loreminder
 10481 | D:6      | Learned a level 5 spell: Fireball
 10700 | D:7      | Reached skill level 8 in Conjurations
 10918 | D:7      | Noticed Duvessa
 10918 | D:7      | Noticed Dowan
 10928 | D:7      | Killed Duvessa
 10928 | D:7      | Acquired Sif Muna's first power
 10930 | D:7      | Killed Dowan
 11009 | D:7      | Found a bloodstained altar of Trog.
 11010 | D:7      | Noticed a wizard
 11015 | D:7      | Killed a wizard
 11266 | D:7      | Reached skill level 5 in Spellcasting
 11375 | D:7      | Identified Figetwoch's Incunabulum of Feathery Combat Magic
 11428 | D:7      | Reached skill level 9 in Conjurations
 11455 | D:7      | Reached XP level 9. HP: 45/45 MP: 16/22
 11475 | D:7      | Acquired Sif Muna's second power
 12764 | D:8      | Reached skill level 10 in Conjurations
 13601 | D:9      | Noticed a cyclops
 14075 | D:9      | Found a glowing silver altar of Zin.
 14075 | D:9      | Found a burning altar of Makhleb.
 14076 | D:9      | Noticed a blizzard demon
 14076 | D:9      | Noticed an angel
 14107 | D:9      | Learned a level 2 spell: Blink
 14109 | D:9      | Learned a level 1 spell: Magic Dart
 14524 | D:9      | HP: 2/45 [troll (10)]
 14525 | D:9      | Mangled by a troll

Action                   |  1- 3 |  4- 6 |  7- 9 || total
-------------------------+-------+-------+-------++-------
Melee: Unarmed           |    27 |    27 |    34 ||    88
       Staff             |       |       |     3 ||     3
Throw: Dart              |       |       |     3 ||     3
 Cast: Flame Tongue      |    36 |   134 |   281 ||   451
       Conjure Flame     |       |     2 |    11 ||    13
       Throw Flame       |       |    33 |   144 ||   177
       Sticky Flame      |       |       |     7 ||     7
Invok: Channel Energy    |       |       |     3 ||     3
Evoke: Wand              |       |     1 |     8 ||     9
  Use: Potion            |     1 |     9 |     1 ||    11
       Scroll            |       |     3 |    16 ||    19
